[ AOE2 MATCH · #473881839 ]
Team RMBurgundians vs Aztecs
[ REPLAY ANALYSIS · EXTRACTED FROM THE RECORDED GAME ]
Feudal
11:23
Castle
26:23
Imperial
—
| APM avg | 15.2 |
| APM peak | 37 |
| eAPM avg | 10.0 |
| Villagers / military | 120 / 100 |
Focus
⚔️ 31.1% · 🌾 68.9%
Skirmisher ×35 · Archer ×33 · Spearman ×21 · Fishing Ship ×16 · Battering Ram ×9 · Mangonel ×2
Feudal
12:07
Castle
24:01
Imperial
36:31
| APM avg | 16.5 |
| APM peak | 38 |
| eAPM avg | 11.0 |
| Villagers / military | 72 / 225 |
Focus
⚔️ 38.2% · 🌾 61.8%
Archer ×180 · Fishing Ship ×29 · Eagle Scout ×17 · Fire Galley ×12 · Battering Ram ×12 · Unknown (2626) ×5
Feudal
9:43
Castle
19:37
Imperial
43:22
| APM avg | 25.0 |
| APM peak | 59 |
| eAPM avg | 15.8 |
| Villagers / military | 113 / 152 |
Focus
⚔️ 26.8% · 🌾 73.2%
Knight ×78 · Gbeto ×53 · Fishing Ship ×33 · Spearman ×9 · Trade Cart ×6 · Trebuchet (Packed) ×5
Feudal
11:28
Castle
23:29
Imperial
47:32
| APM avg | 23.6 |
| APM peak | 51 |
| eAPM avg | 11.9 |
| Villagers / military | 100 / 162 |
Focus
⚔️ 28.3% · 🌾 71.7%
Steppe Lancer ×147 · Unknown (2626) ×11 · Iron Pagoda ×6 · Fishing Ship ×4 · Galley ×3 · Demolition Raft ×3
Match map
Initial resources + every placement click. Lines = walls · curves = elevation contours. ◆ gold · ⬟ stone · ● berries · ✦ relic · ◌ wall gap
Inputs per minute
— Озабоченный ветеринар - - Lord Bendtner
Build order — Озабоченный ветеринар
First 150 of 247 actions detected
| 0:04 | Build | House |
| 0:06 | Build | House |
| 0:08 | Create | Villager (Male) ×4 |
| 0:08 | Create | Villager (Male) ×4 |
| 0:12 | Research | Loom |
| 1:33 | Create | Villager (Male) |
| 1:33 | Create | Villager (Male) |
| 2:10 | Create | Villager (Male) |
| 2:10 | Create | Villager (Male) |
| 3:02 | Create | Villager (Male) |
| 3:02 | Create | Villager (Male) |
| 3:02 | Create | Villager (Male) |
| 3:16 | Build | Lumber Camp |
| 3:19 | Create | Villager (Male) |
| 3:20 | Create | Villager (Male) |
| 3:46 | Create | Villager (Male) |
| 3:46 | Create | Villager (Male) |
| 4:23 | Create | Villager (Male) |
| 4:24 | Create | Villager (Male) |
| 4:24 | Create | Villager (Male) |
| 4:57 | Build | House |
| 5:30 | Create | Villager (Male) ×3 |
| 5:30 | Create | Villager (Male) ×3 |
| 5:52 | Build | Mill |
| 6:19 | Create | Villager (Male) |
| 6:19 | Create | Villager (Male) |
| 6:19 | Create | Villager (Male) |
| 7:06 | Build | House |
| 7:47 | Create | Villager (Male) |
| 7:47 | Create | Villager (Male) |
| 8:23 | Build | House |
| 8:42 | Create | Villager (Male) |
| 9:13 | Research | Feudal Age |
| 9:13 | Research | Feudal Age |
| 9:18 | Research | Double-Bit Axe |
| 9:18 | Research | Double-Bit Axe |
| 10:13 | Build | Dock |
| 10:34 | Create | Villager (Male) ×5 |
| 10:59 | Research | Tech 906 |
| 11:00 | Create | Fishing Ship |
| 11:08 | Create | Villager (Male) |
| 11:23 | Age | Feudal Age |
| 11:31 | Research | Bow Saw |
| 12:11 | Research | Gillnets |
| 12:13 | Create | Fishing Ship |
| 12:29 | Build | Mining Camp |
| 12:56 | Build | House |
| 13:33 | Build | Blacksmith |
| 13:46 | Create | Villager (Male) |
| 13:47 | Create | Villager (Male) |
| 14:03 | Build | Barracks |
| 14:18 | Create | Fishing Ship ×3 |
| 14:46 | Build | Barracks |
| 14:55 | Create | Spearman ×2 |
| 14:59 | Research | Forging |
| 15:00 | Research | Scale Mail Armor |
| 15:04 | Build | House |
| 15:06 | Build | House |
| 15:09 | Create | Spearman |
| 15:19 | Build | Farm |
| 15:36 | Build | Farm |
| 15:49 | Build | Farm |
| 15:59 | Build | Farm |
| 16:05 | Build | Farm |
| 16:08 | Build | Farm |
| 16:15 | Build | Farm |
| 16:22 | Build | Farm |
| 16:27 | Create | Villager (Male) |
| 16:27 | Create | Villager (Male) |
| 16:27 | Create | Villager (Male) |
| 16:56 | Build | House |
| 16:58 | Build | House |
| 17:19 | Create | Spearman |
| 17:19 | Create | Spearman |
| 17:19 | Create | Spearman |
| 17:23 | Build | Farm |
| 17:47 | Create | Spearman |
| 17:47 | Create | Spearman |
| 17:47 | Create | Spearman |
| 18:42 | Build | Farm |
| 18:47 | Build | Farm |
| 18:54 | Build | Farm |
| 18:57 | Create | Spearman |
| 18:57 | Create | Spearman |
| 18:57 | Create | Spearman |
| 19:18 | Create | Spearman |
| 19:43 | Create | Villager (Male) |
| 19:43 | Create | Villager (Male) |
| 19:43 | Create | Villager (Male) |
| 19:44 | Create | Villager (Male) |
| 19:51 | Research | Wheelbarrow |
| 19:58 | Build | Farm |
| 20:55 | Create | Fishing Ship |
| 20:55 | Create | Fishing Ship |
| 20:55 | Create | Fishing Ship |
| 20:55 | Create | Fishing Ship |
| 20:56 | Create | Fishing Ship |
| 20:56 | Create | Fishing Ship |
| 20:56 | Create | Fishing Ship |
| 20:57 | Create | Fishing Ship |
| 20:57 | Create | Fishing Ship |
| 20:57 | Create | Fishing Ship |
| 20:57 | Create | Fishing Ship |
| 23:15 | Build | Archery Range |
| 23:18 | Create | Villager (Male) |
| 23:19 | Create | Villager (Male) |
| 23:26 | Create | Spearman |
| 23:27 | Create | Spearman |
| 23:27 | Create | Spearman |
| 23:32 | Create | Spearman |
| 23:32 | Create | Spearman |
| 23:32 | Create | Spearman |
| 23:42 | Research | Castle Age |
| 23:49 | Build | Farm |
| 24:04 | Build | House |
| 24:06 | Build | House |
| 24:32 | Build | Mining Camp |
| 24:59 | Create | Archer |
| 24:59 | Create | Archer |
| 25:20 | Build | Archery Range |
| 25:26 | Build | Archery Range |
| 25:43 | Build | Farm |
| 26:13 | Create | Archer |
| 26:13 | Create | Archer |
| 26:14 | Create | Archer |
| 26:14 | Create | Archer |
| 26:14 | Create | Archer |
| 26:23 | Age | Castle Age |
| 26:42 | Research | Crossbowman (upgrade) |
| 26:59 | Build | Market |
| 27:26 | Build | Siege Workshop |
| 27:36 | Build | Farm |
| 27:51 | Build | Lumber Camp |
| 27:58 | Create | Battering Ram |
| 27:58 | Create | Battering Ram |
| 28:13 | Create | Villager (Male) ×5 |
| 28:49 | Build | Town Center |
| 29:28 | Research | Fletching |
| 29:28 | Research | Padded Archer Armor |
| 29:35 | Create | Battering Ram |
| 29:35 | Create | Battering Ram |
| 30:26 | Create | Villager (Male) ×5 |
| 30:31 | Build | Farm |
| 31:07 | Create | Battering Ram |
| 31:07 | Create | Battering Ram |
| 31:07 | Create | Battering Ram |
| 31:54 | Create | Archer ×2 |
| 31:54 | Create | Archer ×2 |
| 31:54 | Create | Archer ×2 |
| 32:25 | Create | Mangonel |
Build order — Lord Bendtner
First 150 of 246 actions detected
| 0:07 | Build | House |
| 0:13 | Create | Villager (Male) ×4 |
| 1:25 | Create | Villager (Male) |
| 1:33 | Build | House |
| 2:10 | Create | Villager (Male) |
| 2:25 | Create | Villager (Male) |
| 3:03 | Create | Villager (Male) ×2 |
| 3:40 | Create | Villager (Male) |
| 4:01 | Create | Villager (Male) ×2 |
| 4:09 | Build | House |
| 4:28 | Build | Lumber Camp |
| 4:31 | Create | Villager (Male) |
| 4:51 | Research | Loom |
| 4:52 | Create | Villager (Male) ×2 |
| 5:18 | Create | Villager (Male) |
| 5:50 | Create | Villager (Male) |
| 5:57 | Build | House |
| 6:59 | Build | Dock |
| 7:20 | Create | Villager (Male) |
| 7:21 | Create | Villager (Male) |
| 7:21 | Create | Villager (Male) |
| 7:24 | Create | Villager (Male) |
| 7:24 | Create | Villager (Male) |
| 7:52 | Build | Dock |
| 8:48 | Create | Fishing Ship |
| 8:48 | Create | Fishing Ship |
| 8:56 | Create | Fishing Ship |
| 9:02 | Build | House |
| 9:29 | Create | Fishing Ship |
| 9:31 | Create | Fishing Ship |
| 9:38 | Research | Feudal Age |
| 10:16 | Build | Palisade Wall |
| 10:29 | Build | Mill |
| 10:37 | Build | House |
| 10:40 | Build | House |
| 10:44 | Create | Fishing Ship |
| 10:46 | Create | Fishing Ship |
| 11:13 | Build | Palisade Wall |
| 11:39 | Create | Villager (Male) ×4 |
| 12:07 | Age | Feudal Age |
| 12:14 | Research | Double-Bit Axe |
| 12:19 | Research | Tech 906 |
| 12:34 | Build | Palisade Wall |
| 12:37 | Build | Palisade Wall |
| 12:49 | Build | Building 800 |
| 13:05 | Create | Villager (Male) ×4 |
| 13:19 | Create | Fishing Ship ×5 |
| 13:39 | Build | Mining Camp |
| 14:11 | Build | House |
| 14:16 | Research | Gold Mining |
| 14:20 | Research | Wheelbarrow |
| 14:21 | Create | Villager (Male) ×2 |
| 15:28 | Build | Barracks |
| 15:39 | Build | House |
| 15:42 | Build | House |
| 15:51 | Create | Unit 2626 |
| 15:51 | Create | Unit 2626 |
| 16:03 | Create | Unit 2626 |
| 16:03 | Create | Unit 2626 |
| 16:39 | Build | Dock |
| 16:59 | Create | Unit 2626 |
| 17:16 | Create | Fire Galley |
| 17:26 | Build | House |
| 17:29 | Build | House |
| 17:44 | Create | Fishing Ship ×2 |
| 18:04 | Build | Blacksmith |
| 18:08 | Create | Villager (Male) |
| 18:08 | Create | Villager (Male) |
| 18:35 | Build | Dock |
| 18:50 | Build | Archery Range |
| 19:29 | Create | Fishing Ship ×4 |
| 19:31 | Create | Fire Galley |
| 20:18 | Create | Fire Galley ×5 |
| 20:36 | Create | Archer ×5 |
| 20:36 | Create | Archer ×5 |
| 20:40 | Build | House |
| 21:21 | Research | Castle Age |
| 21:32 | Build | Dock |
| 21:34 | Create | Fishing Ship |
| 21:38 | Create | Fishing Ship |
| 22:14 | Research | Fletching |
| 22:16 | Build | House |
| 22:47 | Create | Fire Galley ×5 |
| 22:53 | Create | Fishing Ship ×3 |
| 22:56 | Build | House |
| 22:57 | Build | House |
| 23:28 | Build | Mining Camp |
| 24:01 | Age | Castle Age |
| 24:11 | Research | War Galley (upgrade) |
| 24:14 | Research | Gillnets |
| 24:32 | Build | House |
| 24:33 | Build | House |
| 24:37 | Build | Mining Camp |
| 24:39 | Create | Villager (Male) ×5 |
| 24:42 | Research | Bow Saw |
| 24:47 | Build | Lumber Camp |
| 24:57 | Research | Crossbowman (upgrade) |
| 24:58 | Create | Archer ×3 |
| 25:47 | Build | Town Center |
| 26:33 | Create | Villager (Male) ×5 |
| 26:39 | Create | Villager (Male) ×5 |
| 26:44 | Create | Fishing Ship ×4 |
| 27:01 | Create | Archer ×4 |
| 27:24 | Research | Padded Archer Armor |
| 27:48 | Build | Fish Trap |
| 27:49 | Build | Fish Trap |
| 27:50 | Build | Fish Trap |
| 27:51 | Build | Fish Trap |
| 27:55 | Create | Villager (Male) |
| 28:03 | Create | Archer ×5 |
| 28:15 | Research | Bodkin Arrow |
| 28:19 | Build | Fish Trap |
| 28:48 | Build | House |
| 28:49 | Build | House |
| 28:50 | Build | House |
| 28:51 | Build | House |
| 28:52 | Build | House |
| 28:53 | Build | House |
| 28:54 | Build | House |
| 29:41 | Create | Villager (Male) ×3 |
| 30:10 | Build | Fish Trap |
| 30:11 | Build | Fish Trap |
| 30:13 | Build | Fish Trap |
| 30:47 | Build | University |
| 30:52 | Build | Siege Workshop |
| 30:58 | Build | Fish Trap |
| 31:45 | Build | Mining Camp |
| 32:34 | Create | Fishing Ship |
| 32:38 | Create | Fishing Ship |
| 32:57 | Build | Castle |
| 33:02 | Build | Archery Range |
| 33:05 | Build | Barracks |
| 33:15 | Create | Archer ×5 |
| 33:16 | Create | Archer ×5 |
| 33:16 | Create | Archer ×5 |
| 33:21 | Research | Imperial Age |
| 33:23 | Build | Fish Trap |
| 33:25 | Build | Fish Trap |
| 33:38 | Research | Ballistics |
| 33:39 | Research | Treadmill Crane |
| 34:16 | Research | Pikeman (upgrade) |
| 34:20 | Create | Archer ×5 |
| 34:20 | Create | Archer ×5 |
| 34:43 | Create | Villager (Male) ×5 |
| 34:53 | Build | Town Center |
| 34:57 | Research | Stone Mining |
| 35:08 | Research | Gold Shaft Mining |
| 35:24 | Research | Eagle Warrior (upgrade) |
| 36:05 | Build | Fish Trap |
| 36:07 | Build | Fish Trap |
Build order — [GG] Raúl González Blanco
First 150 of 302 actions detected
| 0:05 | Build | House |
| 0:06 | Create | Villager (Male) |
| 0:06 | Create | Villager (Male) |
| 0:07 | Create | Villager (Male) |
| 0:10 | Build | House |
| 0:29 | Create | Villager (Male) |
| 0:30 | Create | Villager (Male) |
| 1:33 | Create | Villager (Male) |
| 2:07 | Create | Villager (Male) |
| 2:29 | Create | Villager (Male) |
| 2:29 | Create | Villager (Male) |
| 2:44 | Build | Lumber Camp |
| 2:53 | Create | Villager (Male) |
| 2:54 | Create | Villager (Male) |
| 3:09 | Create | Villager (Male) |
| 3:10 | Create | Villager (Male) |
| 3:25 | Create | Villager (Male) |
| 3:26 | Create | Villager (Male) |
| 3:37 | Build | House |
| 3:38 | Build | House |
| 3:54 | Create | Villager (Male) |
| 3:54 | Create | Villager (Male) |
| 4:31 | Create | Villager (Male) |
| 4:31 | Create | Villager (Male) |
| 4:53 | Create | Villager (Male) |
| 4:53 | Create | Villager (Male) |
| 4:53 | Create | Villager (Male) |
| 5:27 | Build | Mill |
| 5:33 | Create | Villager (Male) |
| 6:07 | Create | Villager (Male) |
| 6:07 | Create | Villager (Male) |
| 7:13 | Build | Dock |
| 7:33 | Research | Feudal Age |
| 8:10 | Research | Loom |
| 8:31 | Create | Fishing Ship |
| 8:31 | Create | Fishing Ship |
| 8:50 | Create | Villager (Male) |
| 8:50 | Create | Villager (Male) |
| 9:12 | Build | House |
| 9:31 | Build | House |
| 9:34 | Build | House |
| 9:43 | Age | Feudal Age |
| 9:49 | Build | Barracks |
| 10:05 | Build | Building 490 |
| 10:10 | Build | Stone Wall |
| 10:20 | Research | Town Watch |
| 10:21 | Create | Villager (Male) |
| 10:21 | Create | Villager (Male) |
| 10:46 | Build | Mill |
| 11:08 | Create | Fishing Ship |
| 11:08 | Create | Fishing Ship |
| 11:22 | Build | Building 487 |
| 11:34 | Build | House |
| 11:36 | Build | House |
| 11:39 | Build | House |
| 11:50 | Create | Villager (Male) |
| 11:51 | Create | Villager (Male) |
| 11:51 | Create | Villager (Male) |
| 12:09 | Build | Stable |
| 12:32 | Build | Mining Camp |
| 12:38 | Create | Villager (Male) |
| 12:39 | Create | Villager (Male) |
| 12:39 | Create | Villager (Male) |
| 12:59 | Build | Building 490 |
| 13:12 | Create | Villager (Male) |
| 13:12 | Create | Villager (Male) |
| 13:26 | Create | Scout Cavalry |
| 13:26 | Create | Scout Cavalry |
| 13:26 | Create | Scout Cavalry |
| 13:51 | Create | Fishing Ship |
| 13:51 | Create | Fishing Ship |
| 14:12 | Build | Blacksmith |
| 14:18 | Build | Building 490 |
| 14:24 | Build | Stone Wall |
| 14:38 | Build | Farm |
| 14:39 | Build | Farm |
| 14:41 | Build | Farm |
| 15:12 | Build | Farm |
| 15:15 | Create | Villager (Male) |
| 15:15 | Create | Villager (Male) |
| 15:42 | Create | Scout Cavalry |
| 16:02 | Research | Bloodlines |
| 16:29 | Build | Market |
| 16:48 | Research | Scale Barding Armor |
| 16:57 | Research | Castle Age |
| 17:06 | Create | Fishing Ship |
| 18:22 | Research | Forging |
| 18:43 | Create | Spearman |
| 18:43 | Create | Spearman |
| 18:43 | Create | Spearman |
| 19:32 | Build | House |
| 19:32 | Build | House |
| 19:33 | Build | House |
| 19:34 | Build | House |
| 19:34 | Build | House |
| 19:34 | Build | House |
| 19:34 | Build | House |
| 19:37 | Age | Castle Age |
| 19:55 | Create | Spearman |
| 19:55 | Create | Spearman |
| 19:55 | Create | Spearman |
| 19:58 | Create | Villager (Male) |
| 19:58 | Create | Villager (Male) |
| 20:14 | Create | Fishing Ship |
| 20:14 | Create | Fishing Ship |
| 20:15 | Create | Fishing Ship |
| 20:23 | Create | Villager (Male) |
| 20:23 | Create | Villager (Male) |
| 20:43 | Create | Knight |
| 20:43 | Create | Knight |
| 20:45 | Create | Villager (Male) ×3 |
| 21:03 | Create | Spearman |
| 21:35 | Build | Castle |
| 21:45 | Create | Villager (Male) |
| 21:45 | Create | Villager (Male) |
| 22:15 | Create | Villager (Male) |
| 22:15 | Create | Villager (Male) |
| 22:44 | Create | Gbeto |
| 23:31 | Build | Town Center |
| 23:41 | Create | Gbeto ×2 |
| 23:51 | Create | Gbeto |
| 23:51 | Create | Gbeto |
| 23:51 | Create | Gbeto |
| 24:19 | Build | Siege Workshop |
| 24:58 | Create | Villager (Male) ×2 |
| 25:31 | Create | Villager (Male) ×3 |
| 26:09 | Create | Villager (Male) ×2 |
| 26:09 | Create | Villager (Male) ×2 |
| 26:13 | Create | Fishing Ship |
| 26:14 | Create | Fishing Ship |
| 26:14 | Create | Fishing Ship |
| 26:22 | Build | Farm |
| 26:22 | Build | Farm |
| 26:22 | Build | Farm |
| 26:23 | Build | Farm |
| 26:23 | Build | Farm |
| 26:23 | Build | Farm |
| 26:24 | Build | Farm |
| 26:24 | Build | Farm |
| 26:35 | Create | Gbeto |
| 26:35 | Create | Gbeto |
| 27:19 | Create | Spearman |
| 27:19 | Create | Spearman |
| 27:55 | Create | Knight ×2 |
| 28:03 | Create | Knight ×4 |
| 28:03 | Create | Knight ×4 |
| 28:07 | Create | Villager (Male) |
| 28:07 | Create | Villager (Male) |
| 28:22 | Build | Stable |
| 28:33 | Build | House |
Build order — M()сkaJlь
First 150 of 324 actions detected
| 0:03 | Build | House |
| 0:03 | Create | Villager (Male) |
| 0:04 | Create | Villager (Male) |
| 0:04 | Create | Villager (Male) |
| 0:04 | Create | Villager (Male) |
| 0:06 | Build | House |
| 0:08 | Build | House |
| 1:38 | Create | Villager (Male) |
| 1:38 | Create | Villager (Male) |
| 2:04 | Create | Villager (Male) |
| 2:04 | Create | Villager (Male) |
| 2:13 | Create | Villager (Male) |
| 2:14 | Create | Villager (Male) |
| 2:42 | Create | Villager (Male) |
| 2:42 | Create | Villager (Male) |
| 3:00 | Research | Loom |
| 3:32 | Create | Villager (Male) |
| 3:33 | Create | Villager (Male) |
| 3:49 | Create | Villager (Male) |
| 4:34 | Create | Villager (Male) |
| 5:08 | Create | Villager (Male) |
| 5:08 | Create | Villager (Male) |
| 5:08 | Create | Villager (Male) |
| 5:09 | Create | Villager (Male) |
| 5:43 | Build | Lumber Camp |
| 6:08 | Build | Dock |
| 6:09 | Create | Villager (Male) |
| 6:30 | Create | Villager (Male) |
| 6:30 | Create | Villager (Male) |
| 6:57 | Build | House |
| 7:00 | Build | House |
| 7:13 | Build | Mill |
| 7:15 | Create | Villager (Male) |
| 7:16 | Create | Villager (Male) |
| 7:42 | Create | Fishing Ship |
| 7:55 | Build | House |
| 7:58 | Build | Palisade Wall |
| 8:07 | Create | Villager (Male) |
| 8:21 | Create | Fishing Ship |
| 8:33 | Build | Palisade Gate |
| 8:37 | Create | Villager (Male) |
| 8:38 | Create | Villager (Male) |
| 9:08 | Create | Fishing Ship |
| 9:13 | Research | Feudal Age |
| 9:23 | Build | Palisade Wall |
| 9:49 | Create | Fishing Ship |
| 10:37 | Build | Barracks |
| 10:43 | Create | Villager (Male) |
| 10:43 | Create | Villager (Male) |
| 11:28 | Age | Feudal Age |
| 11:34 | Build | Palisade Wall |
| 11:47 | Build | Blacksmith |
| 11:49 | Create | Villager (Male) |
| 12:01 | Build | Mining Camp |
| 12:23 | Create | Villager (Male) |
| 12:45 | Create | Unit 2626 |
| 12:45 | Create | Unit 2626 |
| 12:54 | Build | House |
| 12:59 | Build | Stable |
| 13:00 | Build | Palisade Wall |
| 13:07 | Create | Unit 2626 |
| 13:10 | Research | Wheelbarrow |
| 13:25 | Build | House |
| 13:31 | Build | Palisade Wall |
| 13:37 | Research | Tech 906 |
| 13:48 | Research | Double-Bit Axe |
| 14:01 | Create | Villager (Male) |
| 14:01 | Create | Villager (Male) |
| 14:03 | Research | Horse Collar |
| 14:26 | Create | Villager (Male) |
| 14:27 | Create | Villager (Male) |
| 14:50 | Build | House |
| 14:55 | Build | Market |
| 15:02 | Build | Mining Camp |
| 15:13 | Create | Villager (Male) |
| 15:14 | Create | Villager (Male) |
| 15:34 | Create | Demolition Raft |
| 15:34 | Create | Demolition Raft |
| 15:34 | Create | Demolition Raft |
| 16:27 | Create | Galley |
| 16:27 | Create | Galley |
| 16:28 | Create | Galley |
| 16:37 | Research | Fletching |
| 17:21 | Create | Villager (Male) |
| 17:22 | Create | Villager (Male) |
| 17:22 | Create | Villager (Male) |
| 17:22 | Create | Villager (Male) |
| 17:24 | Build | Farm |
| 17:26 | Build | Farm |
| 17:26 | Build | Farm |
| 17:26 | Build | Farm |
| 17:26 | Build | Farm |
| 17:26 | Build | Farm |
| 17:27 | Build | Farm |
| 17:28 | Build | Farm |
| 17:29 | Build | Farm |
| 17:29 | Build | Farm |
| 17:43 | Build | Lumber Camp |
| 18:15 | Build | Farm |
| 18:36 | Build | Farm |
| 18:55 | Build | Farm |
| 18:56 | Create | Villager (Male) |
| 18:57 | Create | Villager (Male) |
| 19:23 | Create | Villager (Male) |
| 19:27 | Build | House |
| 19:27 | Build | House |
| 19:28 | Build | House |
| 19:28 | Build | House |
| 19:28 | Build | House |
| 19:28 | Build | House |
| 19:29 | Build | House |
| 19:29 | Build | House |
| 20:19 | Create | Unit 2626 |
| 20:19 | Create | Unit 2626 |
| 20:19 | Create | Unit 2626 |
| 20:24 | Create | Villager (Male) |
| 20:25 | Research | Castle Age |
| 21:36 | Build | Dock |
| 21:40 | Build | Dock |
| 23:13 | Build | Stable |
| 23:14 | Build | Stable |
| 23:15 | Build | Stable |
| 23:16 | Build | Stable |
| 23:20 | Research | Forging |
| 23:20 | Research | Scale Barding Armor |
| 23:29 | Age | Castle Age |
| 23:35 | Research | Husbandry |
| 23:36 | Create | Steppe Lancer |
| 23:36 | Create | Steppe Lancer |
| 23:36 | Create | Steppe Lancer |
| 23:36 | Create | Steppe Lancer |
| 24:20 | Create | Unit 2626 |
| 24:20 | Create | Unit 2626 |
| 24:20 | Create | Unit 2626 |
| 24:20 | Create | Unit 2626 |
| 24:20 | Create | Unit 2626 |
| 24:34 | Create | Steppe Lancer |
| 24:34 | Create | Steppe Lancer |
| 24:34 | Create | Steppe Lancer |
| 24:35 | Create | Steppe Lancer |
| 24:35 | Create | Steppe Lancer |
| 24:35 | Create | Steppe Lancer |
| 24:36 | Create | Steppe Lancer |
| 24:46 | Build | Siege Workshop |
| 25:41 | Build | Farm |
| 25:49 | Research | Iron Casting |
| 25:49 | Research | Chain Barding Armor |
| 25:59 | Build | Town Center |
| 26:11 | Build | Lumber Camp |
| 26:31 | Create | Villager (Male) |
Match timeline
| 6:08 | M()сkaJlь · first_building Dock |
| 6:59 | Lord Bendtner · first_building Dock |
| 7:13 | [GG] Raúl González Blanco · first_building Dock |
| 7:58 | M()сkaJlь · wall_segment Palisade Wall x1 |
| 9:23 | M()сkaJlь · wall_segment Palisade Wall x14 |
| 9:43 | [GG] Raúl González Blanco · age_up feudal |
| 9:49 | [GG] Raúl González Blanco · first_building Barracks |
| 10:10 | [GG] Raúl González Blanco · wall_segment Stone Wall x5 |
| 10:13 | Озабоченный ветеринар · first_building Dock |
| 10:16 | Lord Bendtner · wall_segment Palisade Wall x8 |
| 10:37 | M()сkaJlь · first_building Barracks |
| 11:13 | Lord Bendtner · wall_segment Palisade Wall x9 |
| 11:23 | Озабоченный ветеринар · age_up feudal |
| 11:28 | M()сkaJlь · age_up feudal |
| 11:34 | M()сkaJlь · wall_segment Palisade Wall x4 |
| 12:07 | Lord Bendtner · age_up feudal |
| 12:09 | [GG] Raúl González Blanco · first_building Stable |
| 12:34 | Lord Bendtner · wall_segment Palisade Wall x8 |
| 12:37 | Lord Bendtner · wall_segment Palisade Wall x7 |
| 12:59 | M()сkaJlь · first_building Stable |
| 13:00 | M()сkaJlь · wall_segment Palisade Wall x3 |
| 13:31 | M()сkaJlь · wall_segment Palisade Wall x10 |
| 14:03 | Озабоченный ветеринар · first_building Barracks |
| 14:24 | [GG] Raúl González Blanco · wall_segment Stone Wall x1 |
| 15:28 | Lord Bendtner · first_building Barracks |
| 18:50 | Lord Bendtner · first_building Archery Range |
| 19:37 | [GG] Raúl González Blanco · age_up castle |
| 20:37 | [GG] Raúl González Blanco · first_market_buy 100 food |
| 20:39 | [GG] Raúl González Blanco · first_market_sell 100 wood |
| 21:35 | [GG] Raúl González Blanco · first_building Castle |
| 23:15 | Озабоченный ветеринар · first_building Archery Range |
| 23:29 | M()сkaJlь · age_up castle |
| 24:01 | Lord Bendtner · age_up castle |
| 24:19 | [GG] Raúl González Blanco · first_building Siege Workshop |
| 24:46 | M()сkaJlь · first_building Siege Workshop |
| 26:23 | Озабоченный ветеринар · age_up castle |
| 27:26 | Озабоченный ветеринар · first_building Siege Workshop |
| 28:30 | M()сkaJlь · wall_segment Palisade Wall x1 |
| 29:49 | [GG] Raúl González Blanco · first_building Monastery |
| 30:21 | Озабоченный ветеринар · tribute_sent a jugador 1 |
| 30:21 | Озабоченный ветеринар · tribute_sent a jugador 3 |
| 30:21 | Озабоченный ветеринар · tribute_sent a jugador 4 |
| 30:52 | Lord Bendtner · first_building Siege Workshop |
| 32:57 | Lord Bendtner · first_building Castle |
| 36:28 | M()сkaJlь · tribute_sent a jugador 1 |
| 36:28 | M()сkaJlь · tribute_sent a jugador 2 |
| 36:28 | M()сkaJlь · tribute_sent a jugador 3 |
| 36:30 | M()сkaJlь · first_market_sell 100 wood |
| 36:31 | Lord Bendtner · age_up imperial |
| 40:28 | M()сkaJlь · tribute_sent a jugador 1 |
| 40:28 | M()сkaJlь · tribute_sent a jugador 2 |
| 40:28 | M()сkaJlь · tribute_sent a jugador 3 |
| 42:51 | M()сkaJlь · first_market_buy 100 food |
| 43:22 | [GG] Raúl González Blanco · age_up imperial |
| 43:30 | M()сkaJlь · first_building Monastery |
| 45:44 | Lord Bendtner · wall_segment Stone Wall x9 |
| 47:06 | Lord Bendtner · wall_segment Stone Wall x11 |
| 47:32 | M()сkaJlь · age_up imperial |
| 52:20 | M()сkaJlь · resign |
[ AI ANALYSIS · 1 CREDIT ]
What really happened in this match?
Wolo.gg analyzes every decision: build order, eco, micro, common mistakes by bracket. Personalized analysis on WhatsApp or Discord in 30 seconds.
Civ guide
Burgundians
Map guide
MegaRandom
Perfil
Jugador #4522390